 Dungeon Crawl Stone Soup version 0.26-a0-639-g72c4674329 (webtiles) character file.

Game seed: 3084175894185905349

(classic levelgen) 243111 EnegeticOcto the Tortoise (level 18, 170/170 HPs)
             Began as a Deep Dwarf Fighter on Sept 28, 2020.
             Was the Champion of Makhleb.
             Quit the game on level 3 of the Abyss.
             The game lasted 00:16:21 (16150 turns).

EnegeticOcto the Tortoise (Deep Dwarf Fighter)     Turns: 16150, Time: 00:16:22

Health: 170/170    AC: 38    Str: 30    XL:     18   Next: 69%
Magic:  15/15      EV: 12    Int:  8    God:    Makhleb [******]
Gold:   753        SH: 14    Dex: 12    Spells: 17/17 levels left

rFire    + . .     SeeInvis .   a - +5 broad axe (distort)
rCold    + . .     Faith    .   c - +0 kite shield
rNeg     + . .     Spirit   .   D - +7 crystal plate armour
rPois    .         Reflect  .   O - +0 helmet
rElec    +         Harm     .   t - +1 cloak
rCorr    .         Rampage  .   U - +2 pair of gloves {Str+3}
MR       ++...     Rnd*Rage +   b - +2 pair of boots
Stlth    ..........             S - amulet of the Air {Inacc +Fly rElec EV+5 RMsl}
HPRegen  0.00/turn              p - ring of protection from fire
MPRegen  0.14/turn              T - ring of protection from cold

@: non-regenerating, repel missiles
A: damage resistance, heal wounds, berserk 1, blurry vision 2, deformed body,
deterioration 2, dopey 1, negative energy resistance 1, sense surroundings 3, no
potion heal 1, no regeneration
}: 2/15 runes: serpentine, barnacled
a: Heal Wounds, Minor Destruction, Lesser Servant of Makhleb, Major Destruction,
Greater Servant of Makhleb, Renounce Religion, Evoke Flight


You were on level 3 of the Abyss.
You worshipped Makhleb.
Makhleb was exalted by your worship.
You visited 6 branches of the dungeon, and saw 28 of its levels.
You visited the Abyss 2 times.
You visited 1 bazaar.

You collected 3454 gold pieces.
You spent 2701 gold pieces at shops.

Inventory:

Hand Weapons
 a - a +5 broad axe of distortion (weapon)
 u - a +1 war axe of flaming
Missiles
 x - 6 throwing nets (quivered)
Armour
 b - a +2 pair of boots (worn)
 c - a +0 kite shield (worn)
 n - a +2 pair of gloves
 t - a +1 cloak (worn)
 D - a +7 crystal plate armour (worn)
 H - a +2 tower shield
 K - a scarf of shadows
 O - a +0 helmet (worn)
 U - a +2 pair of gloves of strength (worn)
Jewellery
 p - a ring of protection from fire (left hand)
 E - an uncursed ring of protection from fire
 S - the amulet of the Air (around neck) {Inacc +Fly rElec EV+5 RMsl}
   (You bought it in a shop on level 2 of the Orcish Mines)

   [amulet of inaccuracy]

   It reduces the accuracy of all your attacks.
   It affects your evasion (+5).
   It insulates you from electricity.
   It lets you fly.
   It protects you from missiles.
 T - a ring of protection from cold (right hand)
Wands
 e - a wand of paralysis (12)
 l - a wand of enslavement (7)
 w - a wand of iceblast (26) {@v2}
 F - a wand of polymorph (12)
 J - a wand of disintegration (3)
 L - a wand of digging (6) {@v3}
Scrolls
 f - a scroll of blinking
 j - 6 scrolls of magic mapping {@r5}
 m - 2 scrolls of summoning
 o - 14 scrolls of remove curse {@r2}
 y - 3 scrolls of identify {@r1}
 A - a scroll of fog
 G - 2 scrolls of immolation {@r4}
 N - 2 scrolls of silence
Potions
 d - 6 potions of might {@q3}
 h - a potion of resistance {@q6}
 i - 4 potions of stabbing {@q5}
 k - 3 potions of flight
 q - a potion of brilliance
 r - 2 potions of haste {@q4}
 s - a potion of curing {@q1}
 v - 4 potions of berserk rage
 z - 2 potions of lignification {@q7}
 B - 5 potions of heal wounds {@q2}
 C - a potion of magic
 P - 2 potions of ambrosia
 W - a potion of invisibility
Miscellaneous
 I - a condenser vane (2/2)
 M - a tin of tremorstones (3/3)


   Skills:
 + Level 12.6 Fighting
 - Level 18.0 Axes
 * Level 18.4 Armour
 + Level 14.6 Shields
 + Level 15.4 Invocations
 - Level 10.0 Evocations


You had 17 spell levels left.
You didn't know any spells.
Your spell library was empty.

Dungeon Overview and Level Annotations

Branches:
Dungeon (15/15)            Temple (1/1) D:5            Lair (2/6) D:10
 Shoals (4/4) Lair:2        Snake (4/4) Lair:2          Orc (2/2) D:11
    Elf (0/3) Orc:2        Vaults (0/5) D:14         Depths (0/5) D:15

Altars:
Ashenzari
Cheibriados
Dithmenos
Elyvilon
Fedhas
Gozag
Hepliaklqana
Kikubaaqudgha
Makhleb
Nemelex Xobeh
Okawaru
Qazlal
Ru
Sif Muna
Trog
Uskayaw
Vehumet
Wu Jian
Xom
Yredelemnul
The Shining One

Shops:
D:9 ?   D:14 }   Orc:1 (   Orc:2 !*!=

Portals:
Abyss: D:5

Annotations:
D:5 2 transporters, vurker's ghost, weakling GnDe
D:10 3 runed translucent doors
D:12 1 runed translucent door, EnegeticOcto's ghost, journeyman DDFi
Abyss:1 Agnes; Kirke


Innate Abilities, Weirdness & Mutations

You are resistant to damage.
You can heal yourself by infusing magical energy.
You resist negative energy. (rN+)
You passively map a large area around you.
You do not regenerate.
You tend to lose your temper in combat.
Scrolls take you longer to read.
Armour fits poorly on your strangely shaped body.
Your body often deteriorates upon taking damage.
You are dopey. (Int -2)
Potions are less effective at restoring your health.


Message History

You destroy the starcursed mass!
Makhleb accepts your kill.
You feel better.
You slice the ufetubus!!
You kill the ufetubus!
You slice the starcursed mass!!
You destroy the starcursed mass!
Makhleb accepts your kill.
You barely miss the starcursed mass. You slash the starcursed mass!
Space bends around the starcursed mass.
The starcursed mass is almost destroyed.
You slash the ufetubus!
You kill the ufetubus!
The starcursed mass shudders and is absorbed by its neighbour.
The ynoxinul gestures.
The starcursed mass shrieks in your mind.
You hit the ufetubus.
The ufetubus is severely wounded.
The ufetubus blinks!
The ynoxinul gestures.
The ufetubus disappears in a puff of smoke! x2
The starcursed mass shrieks in your mind.
You block the ufetubus's attack. x2
You slash the starcursed mass!
Space warps horribly around the starcursed mass!!
You destroy the starcursed mass!
Makhleb accepts your kill.
You feel better.
You slice the ufetubus!!
You kill the ufetubus!
You slice the ufetubus!!
You kill the ufetubus!
You enter the shallow water.
Moving in this stuff is going to be slow.
The ufetubus hits you but does no damage.
The ufetubus splashes around in the water.
You slash the ynoxinul!
The ynoxinul wobbles for a moment.
The ynoxinul is heavily wounded.
Your unstable footing causes you to fumble your attack.
You block the ynoxinul's attack.
You slice the ynoxinul!!
You kill the ynoxinul!
Makhleb accepts your kill.
The ufetubus disappears in a puff of smoke! x4
No target in view!
No target in view!
No target in view!
No target in view!
No target in view!
No target in view!
No target in view!
No target in view!
No target in view!
No target in view!
No target in view!
No target in view!
A spatial vortex comes into view.
A spatial vortex is nearby!
A spatial vortex is nearby!
A spatial vortex is nearby!
A spatial vortex is nearby!
A spatial vortex is nearby!
A spatial vortex is nearby!
A spatial vortex is nearby!
A spatial vortex is nearby!
You enter the shallow water.
Moving in this stuff is going to be slow.
A wretched star comes into view.
Found a scroll of teleportation.
The wretched star glows turbulently.
The lance of force hits you.
You are knocked back by the lance of force.
You violently stop moving!
Splash!
The wretched star glows turbulently.
You block the lance of force. You block the spatial vortex's attack.
You hit the spatial vortex.
The spatial vortex is lightly damaged.
The spatial vortex blinks!
You enter the shallow water.
Moving in this stuff is going to be slow.
A spatial vortex comes into view.
The wretched star glows turbulently.
You block the lance of force.
A spatial maelstrom comes into view.
The wretched star glows turbulently.
The lance of force misses you.
Okay, then.
There are monsters nearby!
There are monsters nearby!
There are monsters nearby!
There are monsters nearby!
There are monsters nearby!
There are monsters nearby!
There are monsters nearby!
There are monsters nearby!
There are monsters nearby!
You miss the wretched star.
The wretched star glows turbulently.
You block the lance of force.
Are you sure you want to abandon this character and quit the game? (Confirm with "yes".)

## #.# ≈≈≈ ...# ###.##
≈≈≈ #.. .#####...#
#≈≈≈ ...#..#..
####≈≈.# .
.....#...###.#≈v####v.
# . #....#..##≈≈≈...?.
..###.......♣≈#..# #X#
##..#..≈≈≈.# . # #
....#≈≈@.# # # .##
..#≈♣*##...# . .
##..≈≈...#.## #.
..#.#≈≈≈##.### .
#.#.≈≈≈.#.*# # ####.
#..#≈≈#.# .. . #
#..###≈≈≈.## #. . #
#≈≈.# .# . # #≈≈.. .


You could see a spatial maelstrom, a wretched star and a spatial vortex.

Vanquished Creatures
  4 bone dragons
  9 tentacled starspawn
  A revenant (Abyss:5)
  4 nagarajas
  A daeva (Abyss:5)
  A cacodemon (Abyss:5)
  A reaper (Abyss:4)
  A lorocyproca (Abyss:4)
  4 merfolk javelineers (Shoals:4)
  A fire dragon (D:14)
  A rakshasa (Abyss:4)
  Harold (D:8)
  8 naga warriors
  A merfolk avatar (Shoals:4)
  3 centaur warriors (D:14)
  6 two-headed ogres
  5 anacondas
  An alligator snapping turtle (Shoals:4)
  4 merfolk aquamancers (Shoals:4)
  A satyr (Shoals:4)
  Erica (D:8)
  A tengu warrior (D:9)
  3 orc high priests
  6 naga sharpshooters
  4 shock serpents
  11 thrashing horrors
  A sun demon (Abyss:4)
  2 sixfirhies
  A wretched star (Abyss:5)
  A fire crab (D:14)
  3 salamander mystics (Snake:4)
  5 sea snakes
  3 spatial maelstroms
  4 glowing orange brains
  A shadow demon (Abyss:4)
  2 naga ritualists (Snake:4)
  2 mana vipers
  3 necromancers
  4 orc knights
  An iron dragon zombie (Abyss:5)
  A harpy (Shoals:4)
  2 cyclopes
  A manticore (Shoals:1)
  A deep elf mage (Abyss:5)
  A wolf spider (D:14)
  7 ugly things
  8 fauns
  5 orc sorcerers (Orc:2)
  Maurice (D:8)
  9 salamanders
  2 worldbinders
  12 black mambas
  A centaur zombie (D:14)
  2 guardian serpents
  2 elephants (Lair:2)
  5 merfolk sirens
  2 apocalypse crabs (Abyss:5)
  10 naga magi
  A water nymph (Shoals:4)
  6 smoke demons
  2 gargoyles
  4 centaur skeletons
  3 cane toads
  2 orange demons (Abyss:5)
  4 kobold demonologists
  3 komodo dragons
  3 efreet
  A hellwing (Abyss:5)
  3 ancient zymes
  3 meliai (D:14)
  A queen bee (shapeshifter) (Abyss:5)
  A red devil (Abyss:4)
  A wind drake (Shoals:1)
  12 merfolk
  A catoblepas skeleton (Abyss:4)
  2 hornets
  Grinder (D:6)
  A blink frog (shapeshifter) (D:14)
  8 trolls
  3 dream sheep (Shoals:3)
  A wolf spider simulacrum (Abyss:5)
  5 blink frogs (Abyss:4)
  6 hippogriffs
  25 raiju
  A hippogriff (shapeshifter) (D:15)
  4 slime creatures (D:15)
  4 snapping turtles
  Sigmund (D:5)
  24 starcursed masses
  9 flying skulls
  A centaur simulacrum (D:14)
  2 vampires
  7 ynoxinuls
  A tarantella (shapeshifter) (D:14)
  10 yaks
  4 wyverns
  5 water elementals
  A wraith (Abyss:4)
  4 shadows
  3 hogs (Snake:4)
  7 golden eyes (Abyss:4)
  7 chaos spawn (Abyss:4)
  2 vampire mosquitoes (D:12)
  4 neqoxecs
  Edmund (D:6)
  24 large abominations
  43 nagas
  3 wargs
  2 spatial vortices (Abyss:4)
  2 soldier ants
  Duvessa (D:7)
  2 acid dragons
  A water moccasin (D:10)
  3 porcupines
  An ice beast (D:8)
  4 sky beasts
  22 orc warriors
  An eye of draining (D:15)
  3 phantoms
  A black bear (D:8)
  12 ogres
  A necrophage (D:11)
  14 centaurs
  4 crocodiles
  Blork the orc (D:6)
  8 big kobolds
  16 bullfrogs
  2 wyvern zombies
  12 small abominations
  Dowan (D:7)
  16 killer bees
  2 scorpions
  A manticore simulacrum (Abyss:4)
  23 wights
  2 howler monkeys
  An electric eel (Lair:2)
  4 crimson imps (Abyss:5)
  2 quasits
  6 hounds
  4 jellies
  16 orc priests
  A wyvern simulacrum (D:14)
  Crazy Yiuf (D:4)
  3 bullfrog skeletons
  29 orc wizards
  3 iguanas
  13 worker ants
  2 hound skeletons
  2 worker ant zombies
  3 gnolls (D:2)
  11 adders
  A shadow imp (D:4)
  5 white imps
  An adder zombie (D:6)
  3 adder skeletons
  3 worms
  A dart slug (D:2)
  A leopard gecko (D:7)
  66 orcs
  2 bats
  5 giant cockroaches
  2 goblins
  2 hobgoblins
  13 jackals
  5 quokkas
  A ball python (D:4)
  A frilled lizard (D:4)
  A jackal skeleton (D:4)
  23 kobolds
  2 leopard gecko skeletons
  A quokka skeleton (D:5)
  2 rats
  A bush (D:7)
  10 starspawn tentacles
875 creatures vanquished.

Vanquished Creatures (collateral kills)
  2 nagarajas (Snake:4)
  A naga warrior (Snake:4)
  A naga sharpshooter (Snake:4)
  A salamander (Snake:4)
  A guardian serpent (Snake:4)
  A naga mage (Snake:4)
  A water elemental (Shoals:4)
  7 nagas (Snake:4)
15 creatures vanquished.

Vanquished Creatures (others)
  A merfolk avatar (Shoals:4)
  A satyr (Shoals:4)
  A naga ritualist (Snake:4)
  A snapping turtle (Shoals:4)
  A water elemental (Shoals:4)
  An eye of draining (Abyss:4)
  A demonic plant (Abyss:4)
  8 fungi
  2 lurking horrors (Abyss:5)
  58 plants
  27 starspawn tentacles
  2 withered plants (D:12)
104 creatures vanquished.

Grand Total: 994 creatures vanquished

Notes
Turn   | Place    | Note
-------+----------+-------------------------------------------
     0 | D:1      | EnegeticOcto the Deep Dwarf Fighter began the quest for the
                  | Orb.
     0 | D:1      | Reached XP level 1. HP: 20/20 MP: 1/1
    68 | D:1      | Reached XP level 2. HP: 27/27 MP: 2/2
   199 | D:2      | Reached XP level 3. HP: 25/33 MP: 3/3
   230 | D:2      | Reached XP level 4. HP: 26/42 MP: 4/4
   424 | D:4      | Noticed an ogre
   434 | D:4      | Killed an ogre
   434 | D:4      | Reached XP level 5. HP: 33/49 MP: 5/5
   590 | D:4      | Reached XP level 6. HP: 30/56 MP: 6/6
   801 | D:4      | Reached skill level 5 in Axes
   818 | D:4      | HP: 1/57 [ogre/+0 giant club (23)]
   822 | D:4      | Reached XP level 7. HP: 32/64 MP: 6/6
   861 | D:4      | Reached skill level 5 in Armour
   861 | D:4      | Reached skill level 5 in Shields
  1134 | D:4      | You fall into a shaft and drop 2 floors!
  1221 | D:6      | Found a radiant altar of Vehumet.
  1250 | D:6      | Reached XP level 8. HP: 51/73 MP: 6/6
  1289 | D:6      | Found a basalt altar of Yredelemnul.
  1290 | D:6      | Found a shimmering altar of Xom.
  1310 | D:5      | Entered Level 5 of the Dungeon
  1397 | D:5      | Noticed Sigmund
  1450 | D:5      | Killed Sigmund
  1450 | D:5      | Reached skill level 5 in Fighting
  1458 | D:5      | Found a staircase to the Ecumenical Temple.
  1467 | Temple   | Entered the Ecumenical Temple
  1512 | Temple   | Became a worshipper of Makhleb the Destroyer
  1667 | D:4      | Found a runed translucent door.
  1668 | D:4      | Noticed Crazy Yiuf
  1809 | D:4      | Killed Crazy Yiuf
  1887 | D:5      | Found a transporter.
  1891 | D:5      | Found a one-way gate to the infinite horrors of the Abyss.
  1891 | D:5      | Noticed vurker's ghost (weakling GnDe)
  1913 | D:5      | Noticed an ancient zyme
  1935 | D:5      | Found a transporter.
  2414 | D:6      | Noticed Edmund
  2426 | D:6      | Killed Edmund
  2429 | D:6      | Noticed Blork the orc
  2441 | D:6      | Killed Blork the orc
  2472 | D:6      | Found a shimmering blue altar of Sif Muna.
  2613 | D:6      | Gained mutation: You passively map the area around you.
                  | [Deep Dwarf growth]
  2613 | D:6      | Reached XP level 9. HP: 53/81 MP: 1/5
  2673 | D:6      | Noticed Grinder
  2713 | D:6      | Paralysed by Grinder for 6 turns
  2722 | D:6      | Killed Grinder
  2997 | D:7      | Reached * piety under Makhleb
  3249 | D:7      | Found an iron altar of Okawaru.
  3598 | D:7      | Noticed Dowan
  3599 | D:7      | Noticed Duvessa
  3606 | D:7      | Killed Dowan
  3633 | D:7      | Killed Duvessa
  3885 | D:8      | Noticed Erica
  3899 | D:8      | Killed Erica
  3899 | D:8      | Reached skill level 10 in Axes
  3981 | D:8      | Reached XP level 10. HP: 91/92 MP: 2/6
  4124 | D:8      | Noticed a two-headed ogre
  4127 | D:8      | Reached ** piety under Makhleb
  4128 | D:8      | Noticed Maurice
  4134 | D:8      | Noticed Harold
  4148 | D:8      | Killed a two-headed ogre
  4161 | D:8      | Killed Harold
  4167 | D:8      | Got a fine chain mail
  4169 | D:8      | Found an ornate altar of the Wu Jian Council.
  4197 | D:8      | Killed Maurice
  4214 | D:8      | Identified the +2 chain mail of the Stars {rCorr SInv} (You
                  | found it on level 8 of the Dungeon)
  4610 | D:9      | Noticed a tengu warrior
  4653 | D:9      | Killed a tengu warrior
  4747 | D:9      | Paralysed by a hornet for 2 turns
  4789 | D:9      | Reached skill level 1 in Invocations
  4925 | D:9      | Reached XP level 11. HP: 100/100 MP: 1/5
  5056 | D:9      | Reached *** piety under Makhleb
  5550 | D:9      | Found Loanog's Magic Scroll Boutique.
  5577 | D:10     | Entered Level 10 of the Dungeon
  5663 | D:10     | Found a runed translucent gate.
  5664 | D:10     | Found a runed translucent gate.
  5664 | D:10     | Noticed a red ugly thing
  5664 | D:10     | Noticed a glowing orange brain
  5665 | D:10     | Found a runed translucent gate.
  5665 | D:10     | Noticed a white ugly thing
  5665 | D:10     | Noticed a purple ugly thing
  5667 | D:10     | Noticed a green very ugly thing
  5667 | D:10     | Noticed a white ugly thing
  5667 | D:10     | Noticed a white ugly thing
  5802 | D:10     | Found a staircase to the Lair.
  6037 | D:10     | Reached **** piety under Makhleb
  6282 | D:11     | Found a staircase to the Orcish Mines.
  6399 | D:11     | Reached skill level 5 in Invocations
  6415 | D:11     | Noticed a purple ugly thing
  6431 | D:11     | Killed a purple ugly thing
  6431 | D:11     | Reached skill level 10 in Armour
  6482 | D:11     | Reached ***** piety under Makhleb
  7113 | Orc:1    | Entered Level 1 of the Orcish Mines
  7113 | Orc:1    | Found Inachic's Antique Weapon Emporium.
  7123 | Orc:1    | Noticed an orc high priest
  7142 | Orc:1    | Killed an orc high priest
  7142 | Orc:1    | Reached XP level 12. HP: 105/111 MP: 3/11
  7327 | D:9      | Bought a scroll of acquirement for 728 gold pieces
  7327 | D:9      | Acquired 1210 gold pieces
  7329 | D:9      | Bought a scroll of acquirement for 728 gold pieces
  7329 | D:9      | Acquired a +3 broad axe of distortion
  7357 | D:9      | Bought a scroll of summoning for 133 gold pieces
  7443 | D:12     | Noticed a two-headed ogre
  7451 | D:12     | Killed a two-headed ogre
  7565 | D:12     | Found a runed translucent door.
  7566 | D:12     | Noticed EnegeticOcto's ghost (journeyman DDFi)
  7621 | D:12     | Reached skill level 10 in Shields
  8081 | Lair:1   | Entered Level 1 of the Lair of Beasts
  8328 | Lair:2   | Noticed a seven-headed hydra
  8332 | Lair:2   | Banished an eight-headed hydra
  8332 | Lair:2   | Reached skill level 1 in Evocations
  8528 | Lair:2   | Reached XP level 13. HP: 120/120 MP: 13/13
  8535 | Lair:2   | Found a staircase to the Snake Pit.
  8850 | Lair:2   | Found a staircase to the Shoals.
  9361 | D:14     | Noticed a fire dragon
  9376 | D:14     | Reached ****** piety under Makhleb
  9394 | D:14     | Identified the +5 battleaxe "Kirycwugg" {spect, rPois}
  9396 | D:14     | Killed a fire dragon
  9556 | D:14     | Found Entozal's Gadget Emporium.
  9568 | D:14     | Reached skill level 5 in Evocations
  9594 | D:14     | Reached skill level 10 in Invocations
  9729 | D:14     | Found a gate to the Vaults.
  9896 | D:14     | Reached skill level 15 in Axes
  9896 | D:14     | Gained mutation: You resist negative energy. (rN+) [Deep
                  | Dwarf growth]
  9896 | D:14     | Reached XP level 14. HP: 102/129 MP: 15/15
  9930 | D:15     | Entered Level 15 of the Dungeon
 10155 | D:15     | Reached XP level 15. HP: 136/136 MP: 16/16
 10586 | D:15     | Found a staircase to the Depths.
 10952 | Orc:2    | Entered Level 2 of the Orcish Mines
 10952 | Orc:2    | Found a staircase to the Elven Halls.
 11312 | Orc:2    | Found Hothrir's Jewellery Shoppe.
 11329 | Orc:2    | Found Mauka's Distillery.
 11406 | Orc:2    | Found Mochate Sierch's Assorted Antiques.
 11408 | Orc:2    | Found Raptuffe's Distillery.
 11416 | Orc:2    | Bought a potion of mutation for 96 gold pieces
 11428 | Orc:2    | Bought the amulet of the Air {Inacc +Fly rElec EV+5 RMsl}
                  | for 666 gold pieces
 11428 | Orc:2    | Found the amulet of the Air {Inacc +Fly rElec EV+5 RMsl}
 11428 | Orc:2    | Bought an uncursed ring of protection from cold for 350
                  | gold pieces
 11469 | Orc:2    | Paralysed by an orc sorcerer for 2 turns
 11695 | Snake:1  | Entered Level 1 of the Snake Pit
 11702 | Snake:1  | Reached skill level 10 in Fighting
 12052 | Snake:2  | Noticed a nagaraja
 12074 | Snake:2  | Banished a nagaraja
 12082 | Snake:2  | Acquired 410 gold pieces
 12601 | Snake:4  | Entered Level 4 of the Snake Pit
 12618 | Snake:4  | Noticed a nagaraja
 12621 | Snake:4  | Noticed Agnes
 12631 | Snake:4  | Killed a nagaraja
 12631 | Snake:4  | Reached XP level 16. HP: 142/147 MP: 18/18
 12631 | Snake:4  | Banished Agnes
 12680 | Snake:4  | Noticed Kirke
 12691 | Snake:4  | Banished Kirke
 12776 | Snake:4  | Reached skill level 15 in Armour
 13016 | Snake:4  | Got a serpentine rune of Zot
 13213 | Shoals:1 | Entered Level 1 of the Shoals
 13215 | Shoals:1 | Found a gateway to a bazaar.
 13228 | Bazaar   | Entered a bazaar
 13228 | Bazaar   | Found Cuarib's Antique Armour Boutique.
 13228 | Bazaar   | Found Xarreloa's Armour Shop.
 13228 | Bazaar   | Found Helynid's Book Shop.
 13505 | Shoals:1 | Reached skill level 10 in Evocations
 13658 | Shoals:3 | Reached XP level 17. HP: 104/157 MP: 13/13
 13685 | Shoals:4 | Entered Level 4 of the Shoals
 13781 | Shoals:4 | Got a barnacled rune of Zot
 14039 | D:15     | Gained mutation: You are frail. (-10% HP) [mutagenic glow]
 14107 | D:15     | Cast into level 4 of the Abyss (unwielding a weapon of
                  | distortion)
 14107 | Abyss:4  | Found a corrupted altar of Lugonu.
 14109 | Abyss:4  | Gained mutation: Your body sometimes deteriorates upon
                  | taking damage. [mutagenic glow]
 14128 | Abyss:4  | Gained mutation: Your body often deteriorates upon taking
                  | damage. [mutagenic glow]
 14148 | Abyss:4  | Gained mutation: You occasionally shout uncontrollably at
                  | your foes. [mutagenic glow]
 14160 | Abyss:4  | Gained mutation: Scrolls take you a little longer to read.
                  | [mutagenic glow]
 14223 | Abyss:4  | Lost mutation: You are frail. (-10% HP) [potion of
                  | mutation]
 14223 | Abyss:4  | Lost mutation: You occasionally shout uncontrollably at
                  | your foes. [potion of mutation]
 14223 | Abyss:4  | Gained mutation: Armour fits poorly on your strangely
                  | shaped body. [potion of mutation]
 14223 | Abyss:4  | Gained mutation: Your muscles are strong. (Str +2) [potion
                  | of mutation]
 14586 | Abyss:4  | Found a runed translucent door.
 14836 | Abyss:4  | Found a corrupted altar of Lugonu.
 15070 | Abyss:4  | Gained mutation: Scrolls take you longer to read. [a
                  | neqoxec]
 15167 | Abyss:4  | Found a blossoming altar of Fedhas.
 15182 | Abyss:5  | Entered Level 5 of the Abyss
 15230 | Abyss:5  | Noticed a bone dragon
 15261 | Abyss:5  | Killed a bone dragon
 15311 | Abyss:5  | Gained mutation: You passively map a large area around you.
                  | [Deep Dwarf growth]
 15311 | Abyss:5  | Reached XP level 18. HP: 168/168 MP: 15/15
 15449 | Abyss:5  | Noticed a bone dragon
 15487 | Abyss:5  | Killed a bone dragon
 15687 | Abyss:5  | Gained mutation: Potions are less effective at restoring
                  | your health. [a neqoxec]
 15690 | Abyss:5  | Reached skill level 15 in Invocations
 15691 | Abyss:5  | Gained mutation: You are dopey. (Int -2) [a neqoxec]
 15801 | D:15     | Escaped the Abyss
 15858 | D:15     | Cast into level 3 of the Abyss (unwielding a weapon of
                  | distortion)
 15901 | Abyss:3  | Lost mutation: Your muscles are strong. (Str +2) [mutagenic
                  | glow]
 15954 | Abyss:3  | Noticed a bone dragon
 15981 | Abyss:3  | Killed a bone dragon
 15983 | Abyss:3  | Gained mutation: You tend to lose your temper in combat. [a
                  | cacodemon]
 16035 | Abyss:3  | Noticed a bone dragon
 16066 | Abyss:3  | Killed a bone dragon
 16105 | Abyss:3  | Noticed a bone dragon
 16113 | Abyss:3  | Banished a bone dragon
 16150 | Abyss:3  | Quit the game

Illustrated notes

Levels and vault maps discovered:
D:1:      minmay_arrival_solitary_statue, layout_basic, serial_rivers,
          chequers_serial_rivers_micro_a, chequers_serial_rivers_room_b,
          chequers_serial_rivers_small_b, chequers_serial_rivers_micro_b,
          chequers_serial_rivers_room_a
D:2:      layout_loops_ring, kennysheep_generic_room_11
D:3:      layout_loops_cross
D:4:      minmay_chambers_of_threes, layout_basic, uniq_crazy_yiuf_cottage
D:5:      layout_loops_ring, minmay_temple_entry_arrows,
          gammafunk_ghost_abyssal_escape, corexii_leaking_fountain,
          grunt_decor_cap, uniq_sigmund
D:6:      layout_rooms, vehumet_altar_wand_db, kennysheep_little_box,
          grunt_temple_overflow_open, lemuel_another_geyser, uniq_blork_the_orc,
          uniq_edmund, uniq_grinder
D:7:      layout_loops_corners, lemuel_round_altar, roderic_lattice_a,
          kb_lookout_dungeons_type, uniq_duvessa
D:8:      layout_loops_ring, kennysheep_mini, uniq_harold, uniq_erica,
          uniq_maurice
D:9:      layout_grid_maze, serial_shops, shop, roderic_filled_cross,
          grunt_ministairs_6, minmay_mirror_moons_of_madness
D:10:     layout_irregular_city, erik_lair_orcish_takeover,
          ploomutoo_gammafunk_ghost_potion_laboratory
D:11:     layout_loops_ring, orc_0_dummy
D:12:     layout_cave_pools, gammafunk_ghost_grave
D:13:     layout_basic, ashenzari_altar_1
D:14:     layout_rooms, david_vaults_1, hangedman_decor_opposing, serial_shops,
          shop, minmay_the_grid_square_5x5_3x3_mashed
          [minmay_the_grid_square_5x5_checkered_statues,
          minmay_the_grid_square_5x5_checkered,
          minmay_the_grid_square_5x5_three_walls,
          minmay_the_grid_square_5x5_forky,
          minmay_the_grid_square_5x5_megaprize_diamond,
          minmay_the_grid_square_5x5_v, minmay_the_grid_square_5x5_minimal,
          minmay_the_grid_square_5x5_two_small,
          minmay_the_grid_square_5x5_moneybag]
D:15:     grunt_enter_depths_hoard, layout_small_grid, minmay_misc_feat_rugged,
          serial_glass, glass_columns_b, glass_columns_a, glass_columns_b,
          glass_columns_b, feat_on_display, minmay_alternating_orb
Temple:   nicolae_temple_x_marks_the_god
Lair:1:   layout_small_grid, st_stairs_7, serial_bayou_shore_a
Lair:2:   layout_long_grid, minmay_shoals_entry_hut,
          minmay_snake_entry_guardpost_medium
Shoals:1: layout_shoals, serial_shops, bzr_entry_water, lightli_airlock
Shoals:2: layout_shoals, serial_shops, nicolae_shop_waterfront,
          nicolae_shoals_wave_tunnel
Shoals:3: layout_shoals
Shoals:4: shoals_end_grunt_garden, layout_shoals
Snake:1:  layout_chambers, serial_shops, shop, nrook_guardian_serpent_ordinary,
          uniq_josephine
Snake:2:  layout_grid_shapes, serial_shops, bzr_entry_gold, shop, shop,
          grunt_megastairs_4, serial_bayou_shore_b
Snake:3:  layout_cave_town, grunt_megastairs_2
Snake:4:  minmay_snake_end_coiled, layout_misc_corridors, serial_shops, shop,
          uniq_vashnia, uniq_kirke, uniq_agnes
Orc:1:    layout_diamond_mine, gammafunk_ghost_grave, basic_altar, serial_shops,
          nicolae_shop_overgrown_old_shop, shop, nicolae_shop_waterfront,
          nicolae_shop_trees, shop
Orc:2:    st_orc_elflike, layout_caves
Abyss:3:  base: Snake:2, evilmike_abyss_exit_3, evilmike_abyss_exit_15,
          evilmike_abyss_exit_3, evilmike_abyss_exit_mutagenic,
          evilmike_abyss_exit_9, grunt_abyss_rune_forest_and_sorcery

Skill      XL: |  1  2  3  4  5  6  7  8  9 10 11 12 13 14 15 16 17 18 |
---------------+-------------------------------------------------------+-----
Axes           | 3 4 5 6 8 10 11 12 13 15 16 17 18 | 18.0
Fighting       | 3 4 5 6 7 8 9 10 11 12 | 12.6
Armour         | 4 5 6 7 9 10 11 13 14 15 17 18 | 18.4
Shields        | 4 5 6 7 9 10 11 12 13 14 | 14.6
Invocations    | 1 6 9 10 11 12 14 15 | 15.4
Evocations     | 3 5 8 10 | 10.0

Action                   |  1- 3 |  4- 6 |  7- 9 | 10-12 | 13-15 | 16-18 || total
-------------------------+-------+-------+-------+-------+-------+-------++-------
Melee: War axe           |    39 |   107 |   468 |   661 |       |       ||  1275
       Broad axe         |       |       |       |   153 |   711 |  1338 ||  2202
Invok: Lesser Servant of |       |       |       |       |       |     3 ||     3
       Greater Servant o |       |       |       |       |       |     2 ||     2
 Abil: Heal Wounds       |     2 |     5 |    17 |     5 |       |    36 ||    65
Evoke: Wand              |       |       |       |     2 |       |       ||     2
       Tin of tremorston |       |       |       |       |       |     3 ||     3
       Condenser vane    |       |       |       |       |       |     3 ||     3
  Use: Scroll            |       |       |     8 |    10 |    10 |    15 ||    43
       Potion            |       |       |       |       |     1 |     9 ||    10
 Stab: Distracted        |       |       |       |       |     2 |     2 ||     4
Armor: Scale mail        |    25 |    47 |    57 |       |       |       ||   129
       Chain mail        |       |       |    62 |    34 |       |       ||    96
       Plate armour      |       |       |   108 |    67 |       |       ||   175
       Crystal plate arm |       |       |       |   452 |   419 |   798 ||  1669
Dodge: Dodged            |    16 |    41 |    98 |   122 |   156 |   525 ||   958
       Repelled          |       |       |       |       |    12 |    56 ||    68
Block: Kite shield       |    31 |    59 |   248 |   544 |   422 |   939 ||  2243

Table legend: (Time is in decaauts)
 A = Elapsed time spent in this place.
 B = Non-inter-level travel time spent in this place.
 C = Inter-level travel time spent in this place.
 D = Time resting spent in this place.
 E = Time spent auto-exploring this place.
 F = Levels seen in this place.
 G = Mean time per level.
                   A        B        C        D        E       F      G
               +--------+--------+--------+--------+--------+-----+--------+
         Total |  15861 |  14277 |   1584 |    123 |   8752 |  32 |  495.7 |
       Dungeon |  10120 |   9092 |   1028 |    121 |   6172 |  15 |  674.7 |
        Temple |     51 |     46 |      5 |      0 |     31 |   1 |   51.0 |
          Lair |   1177 |    941 |    236 |      0 |    743 |   2 |  588.5 |
        Shoals |    600 |    516 |     84 |      0 |    152 |   4 |  150.0 |
     Snake Pit |   1370 |   1204 |    166 |      0 |    506 |   4 |  342.5 |
  Orcish Mines |    766 |    703 |     63 |      0 |    469 |   2 |  383.0 |
         Abyss |   1756 |   1756 |      0 |      2 |    670 |   3 |  585.3 |
        Bazaar |     17 |     17 |      0 |      0 |      8 |   1 |   17.0 |
               +--------+--------+--------+--------+--------+-----+--------+

Top non-repeatable levels by time:
     D:9: 1140 daAuts
     D:4: 1081 daAuts
    D:15: 1062 daAuts
    D:11: 1014 daAuts
 Abyss:4: 957 daAuts
     D:7: 936 daAuts
  Lair:2: 871 daAuts
    D:10: 863 daAuts
     D:6: 810 daAuts
     D:5: 758 daAuts
    D:14: 743 daAuts
     D:8: 619 daAuts
    D:12: 612 daAuts
   Orc:2: 588 daAuts
 Abyss:5: 539 daAuts
